 Dungeon Crawl Stone Soup version 0.28-a0-643-g84cb2ea78e (webtiles) character file.

Game seed: 15046736565251360873

93550 blank1 the Warrior (level 15, -4/145 HPs)
             Began as a Minotaur Fighter on Oct 11, 2021.
             Was the Champion of Okawaru.
             Slain by a spriggan defender simulacrum (27 damage)
             ... on level 15 of the Dungeon.
             The game lasted 01:04:40 (26524 turns).

blank1 the Warrior (Minotaur Fighter)              Turns: 26524, Time: 01:04:40

Health: -4/145     AC: 36    Str: 23    XL:     15   Next: 61%
Magic:  19/19      EV: 10    Int:  5    God:    Okawaru [******]
Gold:   1290       SH: 12    Dex: 10    Spells: 14/14 levels left

rFire   . . .      SeeInvis +   F - +6 broad axe (venom)
rCold   . . .      Faith    .   o - +0 kite shield
rNeg    + + .      Spirit   .   L - +5 plate armour of Marbles {Rampage}
rPois   .          Reflect  .   A - +1 hat {SInv}
rElec   .          Harm     .   p - +2 cloak
rCorr   +          Rampage  +   E - +1 pair of gloves {Stlth+}
Will    +....                   y - +2 pair of boots
Stlth   ..........              (no amulet)
HPRegen 0.34/turn               r - ring of resist corrosion
MPRegen 0.16/turn               D - ring "Justriep" {rN++ AC+4 Dex-4 Slay+5}

@: no status effects
A: horns 2, retaliatory headbutt
a: Renounce Religion, Heroism, Finesse, Duel


You were on level 15 of the Dungeon.
You worshipped Okawaru.
Okawaru was exalted by your worship.
You visited 3 branches of the dungeon, and saw 22 of its levels.

You collected 1537 gold pieces.
You spent 247 gold pieces at shops.

Inventory:

Hand Weapons
 F - a +6 broad axe of venom (weapon)
 H - a +2 morningstar of draining
Missiles
 s - 4 throwing nets (quivered)
Armour
 a - a +1 crystal plate armour
 o - a +0 kite shield (worn)
 p - a +2 cloak (worn)
 y - a +2 pair of boots (worn)
 A - a +1 hat of see invisible (worn)
 E - a +1 pair of gloves of stealth (worn)
 L - the +5 plate armour of Marbles (worn) {Rampage}
   (You found it on level 13 of the Dungeon)

   Rampage:   It bestows one free step when moving towards enemies.
Jewellery
 r - a ring of resist corrosion (left hand)
 u - the ring "Hiopn" {Will+ Str-4 Dex+4}
   (You found it on level 2 of the Lair of Beasts)

   [ring of willpower]

   Str:       It affects your strength (-4).
   Dex:       It affects your dexterity (+4).
   Will:      It increases your willpower.
 D - the ring "Justriep" (right hand) {rN++ AC+4 Dex-4 Slay+5}
   (You found it on level 3 of the Lair of Beasts)

   [ring of protection]

   AC:        It affects your AC (+4).
   Dex:       It affects your dexterity (-4).
   Slay:      It affects your accuracy & damage with ranged weapons and melee
   (+5).
   rN:        It greatly protects you from negative energy.
Wands
 b - a wand of acid (15)
 c - a wand of iceblast (44)
 B - a wand of mindburst (9)
 K - a wand of flame (20)
 N - a wand of polymorph (10)
Scrolls
 e - 4 scrolls of vulnerability
 f - 4 scrolls of fog
 g - 9 scrolls of teleportation
 h - 4 scrolls of blinking
 i - 6 scrolls of immolation
 t - 4 scrolls of identify
 v - 6 scrolls of amnesia
 G - a scroll of magic mapping
 I - 3 scrolls of enchant armour
Potions
 d - 2 potions of might
 j - 5 potions of cancellation
 k - 4 potions of brilliance
 l - 4 potions of ambrosia
 m - 5 potions of curing
 n - 8 potions of mutation
 q - 3 potions of flight
 w - a potion of magic
 x - 3 potions of attraction
 z - 3 potions of haste
 C - a potion of resistance
 J - 3 potions of heal wounds
 M - a potion of lignification {unknown}


   Skills:
 + Level 16.4 Fighting
 + Level 16.4 Axes
 - Level 15.0 Armour
 - Level 8.0 Dodging
 - Level 15.0 Shields
 - Level 7.0 Invocations
 - Level 5.0 Evocations


You had 14 spell levels left.
You didn't know any spells.
Your spell library contained the following spells:

 Spells                   Type           Power      Damage    Failure   Level
 Apportation              Tloc           0%         N/A       99%         1
 Blink                    Tloc           N/A        N/A       100%        2
 Sublimation of Blood     Necr           0%         N/A       100%        2
 Frozen Ramparts          Ice            0%         1d2       100%        3
 Gell's Gravitas          Tloc           0%         N/A       100%        3
 Lesser Beckoning         Tloc           0%         N/A       100%        3
 Teleport Other           Tloc           0%         N/A       100%        3
 Airstrike                Air            0%         N/A       100%        4
 Cause Fear               Hex            0%         N/A       100%        4
 Ice Form                 Ice/Tmut       0%         N/A       100%        4
 Leda's Liquefaction      Hex/Erth       0%         N/A       100%        4
 Petrify                  Tmut/Erth      0%         N/A       100%        4
 Alistair's Intoxication  Tmut/Pois      0%         N/A       100%        5
 Irradiate                Conj/Tmut      0%         3d13      100%        5
 Lee's Rapid Deconstruct  Erth           0%         3d5*      100%        5
 Lightning Bolt           Conj/Air       0%         1d11      100%        5
 Manifold Assault         Tloc           0%         N/A       100%        5
 Eringya's Noxious Bog    Tmut/Pois      0%         N/A       100%        6
 Invisibility             Hex            0%         N/A       100%        6
 Statue Form              Tmut/Erth      0%         N/A       100%        6
 Dragon Form              Tmut           0%         N/A       100%        7
 Orb of Destruction       Conj           0%         N/A       100%        7
 Storm Form               Tmut/Air       0%         N/A       100%        7
 Chain Lightning          Conj/Air       0%         N/A       100%        9
 Fire Storm               Conj/Fire      0%         5d1       100%        9
 Shatter                  Erth           0%         3d5*      100%        9
 Summon Guardian Golem    Hex/Summ       Unusable   N/A       N/A         3
 Summon Ice Beast         Ice/Summ       Unusable   N/A       N/A         4
 Summon Lightning Spire   Summ/Air       Unusable   N/A       N/A         4
 Summon Forest            Summ/Tloc      Unusable   N/A       N/A         5
 Spellforged Servitor     Conj/Summ      Unusable   N/A       N/A         7
 Summon Hydra             Summ           Unusable   N/A       N/A         7
 Dragon's Call            Summ           Unusable   N/A       N/A         9

Dungeon Overview and Level Annotations

Branches:
Dungeon (15/15)            Temple (1/1) D:5            Lair (6/6) D:11
 Shoals (0/4) Lair:4       Spider (0/4) Lair:2        Slime (0/5) Lair:6
    Orc (0/2) D:9          Vaults (0/5) D:13         Depths (0/4) D:15

Altars:
Ashenzari
Cheibriados
Dithmenos
Elyvilon
Fedhas
Gozag
Hepliaklqana
Kikubaaqudgha
Makhleb
Nemelex Xobeh
Okawaru
Qazlal
Ru
Trog
Uskayaw
Vehumet
Xom
Zin
The Shining One
Jiyva

Shops:
D:10 *   D:11 *   D:15 (*

Portals:
Ice
Cave: D:15


Innate Abilities, Weirdness & Mutations

You have a pair of horns on your head.
You reflexively headbutt those who attack you in melee.


Message History

You are too injured to fight recklessly!
Unknown command.
You slice the deep troll simulacrum!!
The deep troll simulacrum is severely damaged.
You slice the deep troll simulacrum!!
The deep troll simulacrum vaporises!
Okawaru accepts your kill.
You slash the minotaur simulacrum!
The minotaur simulacrum is moderately damaged.
You slice the minotaur simulacrum!!
The minotaur simulacrum is almost destroyed.
The minotaur simulacrum hits you! The minotaur simulacrum freezes you!!
* * * LOW HITPOINT WARNING * * *
You block the minotaur simulacrum's attack.
You slash the minotaur simulacrum!
The minotaur simulacrum vaporises!
Okawaru accepts your kill.
You slice the entropy weaver simulacrum!!
The entropy weaver simulacrum is severely damaged.
You block the entropy weaver simulacrum's attack.
The entropy weaver simulacrum hits you but does no damage.
You block the entropy weaver simulacrum's attack.
The entropy weaver simulacrum hits you but does no damage.
The spriggan defender simulacrum hits you but does no damage.
Unknown command.
You feel much better.
You block the spriggan defender simulacrum's attack.
The entropy weaver simulacrum hits you!
* * * LOW HITPOINT WARNING * * *
The entropy weaver simulacrum freezes you!
* * * LOW HITPOINT WARNING * * *
You block the entropy weaver simulacrum's attack.
The entropy weaver simulacrum barely misses you.
The entropy weaver simulacrum hits you but does no damage.
Unknown command.
The spriggan defender simulacrum hits you but does no damage.
The spriggan defender simulacrum hits you.
* * * LOW HITPOINT WARNING * * *
The spriggan defender simulacrum freezes you!!
You die...

********#^..∩...##*,.#***,* *,
,,,,,,,,.........##..## *,* *,
*******,..$...........# *,* **,
,,,,,,,,,**,,#ZZ.#*,,,# *,* *,,
*****###,***,##Z##*,,.#**,*****,*
#..,* #,*#Z.#*,..,,,,,,,,,,*
**####)#** #.##Z.##.#,***,,,,,,**
,,,....# #...Z8...#,,,,,,,,,,,,
#####..# ####.@##.##***,,,,,,**
.......######.8.∩.8..#***,,,,,,*
****#.............###...,,,,,,,*
##.########.8..#,,.,,,**,*** #*
#.# #..##.#****,**,* .#* #.#
####*## *,**,* .$* #.# *,**,****
^.* #.# *,**∩,,,, ..####[#
*,**,****


You could see an alligator simulacrum, a dire elephant simulacrum, a spriggan
defender simulacrum, a minotaur simulacrum, a deep troll simulacrum and an
entropy weaver simulacrum.

Vanquished Creatures
  Jorgrun (D:14)
  Gastronok (D:8)
  Josephine (Lair:4)
  A fire dragon (Lair:6)
  A vault guard (D:13)
  Fannar (Lair:2)
  3 boulder beetles
  4 catoblepae
  12 hydras
  3 centaur warriors
  A death knight (D:11)
  2 two-headed ogres
  5 dancing weapons (D:13)
  The ghost of Demosthentine the Spear-Bearer, a novice MfGl of the Shining One (D:8)
  3 death yaks (Lair:6)
  4 tengu warriors
  Sonja (Arena)
  Pikel (D:5)
  3 wizards (D:13)
  2 lindwurms
  A necromancer (D:13)
  2 deep elf pyromancers
  A wolf spider (Lair:2)
  5 ugly things (D:14)
  2 cyclopes
  2 manticores
  6 elephants (Lair:5)
  2 merfolk sirens (Lair:4)
  3 molten gargoyles (Lair:6)
  3 black mambas
  Maurice (D:11)
  An unseen horror (D:10)
  13 cane toads
  Maggie (Lair:1)
  11 komodo dragons
  2 rime drakes (Lair:2)
  A tengu conjurer (D:15)
  2 merfolk (Lair:4)
  A jumping spider (shapeshifter) (D:14)
  5 polar bears
  A queen bee (shapeshifter) (D:14)
  9 trolls
  3 jumping spiders (Lair:2)
  16 dream sheep (Lair:6)
  A hornet (shapeshifter) (D:13)
  15 blink frogs
  3 slime creatures (D:12)
  A shadow (D:12)
  15 wyverns
  20 humans (D:13)
  4 wraiths
  Grum (D:9)
  58 yaks
  A human (shapeshifter) (D:13)
  A steam dragon (Lair:6)
  A fire elemental (D:15)
  6 basilisks
  A minotaur simulacrum (D:15)
  2 vampire mosquitoes (D:12)
  16 water moccasins
  4 wargs
  2 acid dragons
  5 hell hounds (Lair:6)
  A black bear (D:5)
  7 orc warriors
  A necrophage (D:4)
  2 sky beasts
  3 ogres
  9 centaurs
  9 wolves
  A phantom (D:6)
  A kobold brigand (D:4)
  5 gnoll sergeants
  5 bullfrogs
  A deep troll simulacrum (D:15)
  8 killer bees (D:9)
  8 howler monkeys
  2 electric eels (D:9)
  6 lava snakes
  3 centaur zombies
  9 orc priests
  Crazy Yiuf (D:2)
  2 gnoll shamans
  7 hounds
  Terence (D:2)
  16 orc wizards
  A killer bee zombie (D:6)
  A hound skeleton (D:5)
  Robin (D:1)
  33 gnolls
  A howler monkey skeleton (D:4)
  A howler monkey zombie (D:9)
  10 adders
  A white imp (D:5)
  A worm (D:5)
  5 dart slugs
  65 orcs
  7 ball pythons
  7 bats
  5 endoplasms
  3 giant cockroaches
  11 hobgoblins
  19 jackals
  3 quokkas (D:1)
  3 frilled lizards
  13 goblins
  4 kobolds
  6 rats
611 creatures vanquished.

Vanquished Creatures (others)
  An electric eel (Lair:2)
  39 fungi
  41 plants
  7 toadstools (Lair:2)
88 creatures vanquished.

Grand Total: 699 creatures vanquished

Notes
Turn   | Place    | Note
-------+----------+-------------------------------------------
     0 | D:1      | blank1 the Minotaur Fighter began the quest for the Orb.
     0 | D:1      | Reached XP level 1. HP: 19/19 MP: 0/0
   130 | D:1      | Reached XP level 2. HP: 24/27 MP: 1/1
   244 | D:1      | Reached skill level 1 in Dodging
   451 | D:1      | Reached XP level 3. HP: 27/33 MP: 2/2
   979 | D:2      | Noticed Robin
  1070 | D:1      | Killed Robin
  1170 | D:2      | Reached XP level 4. HP: 40/40 MP: 3/3
  1386 | D:2      | Noticed Terence
  1403 | D:2      | Killed Terence
  1820 | D:2      | Found a runed translucent door.
  1821 | D:2      | Noticed Crazy Yiuf
  1938 | D:2      | Found a faded altar of an unknown god.
  2116 | D:2      | Killed Crazy Yiuf
  2117 | D:2      | Reached XP level 5. HP: 47/47 MP: 4/4
  2472 | D:3      | Found a stormy altar of Qazlal.
  2981 | D:4      | Reached skill level 5 in Fighting
  2981 | D:4      | Reached skill level 5 in Axes
  3036 | D:4      | Noticed an ogre
  3042 | D:4      | Killed an ogre
  3043 | D:4      | Reached XP level 6. HP: 45/56 MP: 5/5
  3313 | D:4      | Reached skill level 5 in Armour
  3317 | D:4      | Reached skill level 5 in Shields
  3602 | D:4      | Reached XP level 7. HP: 40/61 MP: 6/6
  4702 | D:5      | Entered Level 5 of the Dungeon
  4721 | D:5      | Reached XP level 8. HP: 40/73 MP: 7/7
  5023 | D:5      | Found a staircase to the Ecumenical Temple.
  5032 | Temple   | Entered the Ecumenical Temple
  5121 | Temple   | Became a worshipper of Warmaster Okawaru
  5144 | D:5      | Noticed Pikel
  5169 | D:5      | Killed Pikel
  5640 | D:5      | Found a sparkling altar of Nemelex Xobeh.
  6429 | D:6      | Reached * piety under Okawaru
  6537 | D:6      | Reached XP level 9. HP: 83/83 MP: 8/8
  6572 | D:6      | Reached skill level 10 in Fighting
  6932 | D:6      | Reached skill level 1 in Invocations
  6934 | D:6      | Reached ** piety under Okawaru
  6943 | D:6      | Reached skill level 5 in Dodging
  7245 | D:6      | Found an ancient bone altar of Kikubaaqudgha.
  7277 | D:6      | Found a hazy altar of Hepliaklqana.
  7334 | D:6      | Found a blossoming altar of Fedhas.
  7865 | D:7      | Identified a scroll of acquirement
  7865 | D:7      | Acquired the +1 hat of Mezcal {Stlth+}
  7922 | D:7      | Reached *** piety under Okawaru
  7923 | D:7      | Reached XP level 10. HP: 89/93 MP: 12/12
  7985 | D:7      | Reached skill level 10 in Axes
  8704 | D:8      | Noticed Gastronok
  8723 | D:8      | Killed Gastronok
  8867 | D:8      | Found a snail-covered altar of Cheibriados.
  8943 | D:8      | Found a runed translucent gate.
  8943 | D:8      | Found a runed translucent gate.
  8943 | D:8      | Found a runed translucent gate.
  9019 | D:8      | Noticed Demosthentine's ghost (novice MfGl)
  9053 | D:8      | Killed Demosthentine's ghost
  9053 | D:8      | Reached **** piety under Okawaru
  9744 | D:9      | Reached skill level 10 in Armour
  9744 | D:9      | Reached skill level 10 in Shields
  9880 | D:9      | Reached XP level 11. HP: 82/101 MP: 13/13
 10131 | D:9      | Noticed Grum
 10140 | D:9      | Killed Grum
 10245 | D:9      | Reached ***** piety under Okawaru
 10317 | D:9      | Noticed a two-headed ogre
 10416 | D:9      | Killed a two-headed ogre
 11334 | D:9      | Found a staircase to the Orcish Mines.
 11459 | D:10     | Entered Level 10 of the Dungeon
 11549 | D:10     | Found a broken altar of Ashenzari.
 11553 | D:10     | Saw a vision of the Shoals and the Spider Nest.
 11553 | D:10     | Noticed a wolf spider
 11553 | D:10     | Noticed a wolf spider
 11553 | D:10     | Noticed a sea snake
 11553 | D:10     | Noticed a sea snake
 11818 | D:10     | Found Nohaurch's General Store.
 11827 | D:10     | Reached XP level 12. HP: 110/110 MP: 13/15
 12363 | D:11     | Found Xouthip's Assorted Antiques.
 12522 | D:11     | Noticed Maurice
 12533 | D:11     | Killed Maurice
 12700 | D:11     | Noticed Sonja
 12703 | Arena    | Entered the Arena
 12710 | Arena    | Killed Sonja
 12797 | D:11     | Found a staircase to the Lair.
 12824 | D:11     | Noticed a death knight
 12845 | D:11     | Killed a death knight
 13233 | D:11     | Bought a scroll of enchant weapon for 247 gold pieces
 13580 | Lair:1   | Entered Level 1 of the Lair of Beasts
 14217 | Lair:1   | Noticed Maggie
 14229 | Lair:1   | Killed Maggie
 14367 | Lair:1   | Found a glowing golden altar of the Shining One.
 14386 | Lair:1   | Noticed a four-headed hydra
 14399 | Lair:1   | Killed a four-headed hydra
 14400 | Lair:1   | Reached XP level 13. HP: 120/122 MP: 13/16
 15189 | Lair:2   | Noticed Fannar
 15207 | Lair:2   | Killed Fannar
 15534 | Lair:2   | Reached ****** piety under Okawaru
 15902 | Lair:2   | Found a runed translucent door.
 16000 | Lair:2   | Found a hole to the Spider Nest.
 16035 | Lair:2   | Received a gift from Okawaru
 17445 | Lair:2   | Identified the ring "Hiopn" {Will+ Str-4 Dex+4}
 17929 | Lair:3   | Found a sacrificial altar of Ru.
 18259 | Lair:3   | Identified the ring "Justriep" {rN++ AC+4 Dex-4 Slay+5}
 18709 | Lair:4   | Reached skill level 15 in Axes
 19139 | Lair:4   | Noticed Josephine
 19152 | Lair:4   | Killed Josephine
 19197 | Lair:4   | Reached skill level 5 in Evocations
 19316 | Lair:4   | Found a staircase to the Shoals.
 19428 | Lair:4   | Received a gift from Okawaru
 19434 | Lair:4   | Reached XP level 14. HP: 117/133 MP: 18/18
 20288 | Lair:5   | Reached skill level 15 in Fighting
 20810 | Lair:6   | Entered Level 6 of the Lair of Beasts
 21612 | Lair:6   | Identified the +5 scimitar of Ijenuydu {venom, rCorr}
                  | (Okawaru gifted it to you on level 6 of the Lair of Beasts)
 21612 | Lair:6   | Received a gift from Okawaru
 22222 | Lair:6   | Found a large runed translucent door.
 22223 | Lair:6   | Found a large runed translucent door.
 22242 | Lair:6   | Found the +5 sword of Power {vorpal}
 22695 | Lair:6   | Received a gift from Okawaru
 22884 | Lair:6   | Reached skill level 15 in Shields
 23411 | Lair:6   | Found a viscous altar of Jiyva.
 23411 | Lair:6   | Found a staircase to the Slime Pits.
 24167 | D:12     | Reached XP level 15. HP: 126/141 MP: 19/19
 24453 | D:13     | Found a large runed translucent door.
 24453 | D:13     | Found a large runed translucent door.
 25219 | D:13     | Received a gift from Okawaru
 25248 | D:13     | Found a gate to the Vaults.
 25446 | D:13     | Identified the +5 plate armour of Marbles {Rampage}
 25916 | D:14     | Reached skill level 15 in Armour
 26249 | D:14     | Noticed Jorgrun
 26265 | D:14     | Killed Jorgrun
 26385 | D:15     | Entered Level 15 of the Dungeon
 26400 | D:15     | Found Oprid's Weapon Shoppe.
 26500 | D:15     | Found Qiujuog's General Store.
 26511 | D:15     | Found a frozen archway.
 26524 | D:15     | Slain by a spriggan defender simulacrum

Illustrated notes

Levels and vault maps discovered:
D:1:      dpeg_chamrin_arrival_tetris, layout_basic, serial_glass,
          glass_columns_b, glass_columns_b
D:2:      layout_loops_ring, basic_ecumenical_altar, uniq_robin,
          uniq_crazy_yiuf_cottage, uniq_terence
D:3:      layout_basic, kennysheep_flooded_box
D:4:      lemuel_castle_with_subvaults [lemuel_castle_interior_carwin_1],
          layout_basic
D:5:      layout_basic, nemelex_altar_shiori, minmay_temple_entry_trees,
          roderic_lattice_a, uniq_pikel
D:6:      layout_cave_pools, fedhas_ov_isle_minmay,
          mainiacjoe_overflow_two_lobes, serial_gnoll_camp,
          gnoll_camp_medium_02, gnoll_camp_mini_basic, gnoll_camp_mini_house,
          gnoll_camp_mini_basic
D:7:      layout_cave_pools
D:8:      layout_loops_ring, kennysheep_mini, ebering_ghost_rock_garden,
          chequers_garden, uniq_gastronok
D:9:      layout_loops_ring, erik_orc_2, uniq_grum
D:10:     layout_basic, grunt_ashenzari_visionary
          [grunt_ashenzari_visionary_shoals, grunt_ashenzari_visionary_spider],
          serial_shops, nicolae_shop_waterfront
D:11:     layout_irregular_city, erik_lair_orcish_takeover, serial_shops,
          nicolae_lakefront_shop, uniq_sonja, uniq_maurice
D:12:     layout_grid_maze
D:13:     doesnt_quadruple_sword, layout_small_grid, grunt_vaults_entry_tiered
D:14:     layout_irregular_city, uniq_jorgrun
D:15:     grunt_enter_depths_hoard, layout_loops_ring,
          portal_ice_cave_entry_ice_simulacra, serial_shops,
          nicolae_shop_crystal, nicolae_inconvenience_store, shop,
          nicolae_shop_statue_plus, drop_trap, chequers_avenue
Temple:   eino_temple_rhombus
Lair:1:   layout_layer_cave, basic_altar, uniq_maggie
Lair:2:   gammafunk_lair_enchanted_lake, layout_layer_cave,
          spider_nest_entry_funnel_web, minivault_11, infiniplex_staircase_pool,
          uniq_fannar
Lair:3:   layout_regular_city, basic_altar, st_stairs_4
Lair:4:   layout_gridlike, elwin_shoals_entry_stream, beast_lair_carwin_1,
          uniq_josephine
Lair:5:   layout_regular_city, lemuel_fruit_fields, grunt_megastairs_1
Lair:6:   cheibrodos_lair_end_hotspot, layout_misc_corridors,
          dpeg_slime_entry_enclosed_altar, columned_hall_lemuel,
          chequers_serial_rivers_large_b

Skill      XL: |  1  2  3  4  5  6  7  8  9 10 11 12 13 14 15 |
---------------+----------------------------------------------+-----
Dodging        | 1 2 3 4 5 7 8 |  8.0
Armour         | 4 5 7 8 10 12 13 15 | 15.0
Fighting       | 4 5 7 9 10 11 13 14 15 16 | 16.4
Shields        | 4 5 10 15 | 15.0
Axes           | 3 4 5 7 8 9 10 12 13 15 16 | 16.4
Invocations    | 4 6 7 |  7.0
Evocations     | 4 5 |  5.0

Action                   |  1- 3 |  4- 6 |  7- 9 | 10-12 | 13-15 || total
-------------------------+-------+-------+-------+-------+-------++-------
Melee: War axe           |    71 |   165 |   306 |   412 |       ||   954
       Headbutt          |    10 |    30 |    59 |   115 |   214 ||   428
       Broad axe         |       |       |       |    79 |   815 ||   894
       Morningstar       |       |       |       |     5 |    63 ||    68
Throw: Throwing net      |       |       |       |     1 |       ||     1
Invok: Heroism           |       |       |       |     3 |     2 ||     5
       Duel              |       |       |       |     1 |       ||     1
Evoke: Wand              |       |       |       |    12 |       ||    12
  Use: Scroll            |       |     4 |    11 |    12 |    10 ||    37
       Potion            |       |       |       |     2 |     2 ||     4
 Stab: Petrified         |       |       |       |       |    11 ||    11
Armor: Scale mail        |    19 |       |       |       |       ||    19
       Chain mail        |    34 |    92 |       |       |       ||   126
       Plate armour      |       |     6 |   231 |   275 |   153 ||   665
       Crystal plate arm |       |       |       |       |   557 ||   557
Dodge: Dodged            |    42 |    58 |   121 |   147 |   222 ||   590
Block: Buckler           |    19 |    35 |    72 |       |       ||   126
       Kite shield       |       |       |     9 |   259 |   460 ||   728

Table legend: (Time is in decaauts)
 A = Elapsed time spent in this place.
 B = Non-inter-level travel time spent in this place.
 C = Inter-level travel time spent in this place.
 D = Time resting spent in this place.
 E = Time spent auto-exploring this place.
 F = Levels seen in this place.
 G = Mean time per level.
                   A        B        C        D        E       F      G
               +--------+--------+--------+--------+--------+-----+--------+
         Total |  26741 |  25987 |    754 |   5286 |  15598 |  23 | 1162.7 |
       Dungeon |  16519 |  16064 |    455 |   3115 |   9533 |  15 | 1101.3 |
        Temple |    100 |     90 |     10 |      0 |     77 |   1 |  100.0 |
          Lair |  10089 |   9800 |    289 |   2152 |   5988 |   6 | 1681.5 |
         Arena |     31 |     31 |      0 |     19 |      0 |   1 |   31.0 |
               +--------+--------+--------+--------+--------+-----+--------+

Top non-repeatable levels by time:
  Lair:2: 2850 daAuts
  Lair:6: 2690 daAuts
     D:4: 2023 daAuts
     D:9: 1820 daAuts
     D:5: 1627 daAuts
     D:6: 1458 daAuts
  Lair:1: 1377 daAuts
    D:11: 1350 daAuts
    D:13: 1177 daAuts
  Lair:5: 1157 daAuts
     D:1: 1120 daAuts
     D:2: 1064 daAuts
  Lair:3: 1030 daAuts
     D:8: 1001 daAuts
  Lair:4: 982 daAuts
